 Dungeon Crawl Stone Soup version 0.19-a0-1675-gc11f27c (webtiles) character file.

939 Amciq the Cudgeler (level 7, -1/70 HPs)
             Began as a Troll Monk on Sept 23, 2016.
             Was a Believer of Makhleb.
             Slain by an orc warrior
             ... wielding a +0 long sword
              (16 damage)
             ... on level 6 of the Dungeon.
             The game lasted 00:12:03 (4599 turns).

Amciq the Cudgeler (Troll Monk)                     Turns: 4599, Time: 00:12:03

Health: -1/70      AC:  5    Str: 32    XL:     7   Next: 87%
Magic:  7/7        EV: 11    Int:  6    God:    Makhleb [**....]
Gold:   314        SH:  0    Dex: 13    Spells: 0 memorised, 6 levels left

rFire  . . .     SeeInvis .     n - +0 giant club
rCold  . . .     Gourm    +     u - +0 robe (curse)
rNeg   . . .     Faith    .     (shield currently unavailable)
rPois  .         Spirit   .     (helmet restricted)
rElec  .         Dismiss  .     (no cloak)
rCorr  .         Reflect  .     (gloves unavailable)
MR     .....     Harm     .     (boots unavailable)
Stlth  +.........               (no amulet)
                                (no ring)
                                g - +6 ring of strength

@: mighty
A: unfitting armour, claws 3, fast metabolism 3, gourmand, regeneration 1,
shaggy fur 1, tough skin 2
a: Minor Destruction, Renounce Religion


You were on level 6 of the Dungeon.
You worshipped Makhleb.
Makhleb was pleased with you.
You were full.

You visited 1 branch of the dungeon, and saw 6 of its levels.
You also visited: Sewer.

You collected 314 gold pieces.

Inventory:

Hand Weapons
 n - a +0 giant club (weapon)
Armour
 u - a cursed +0 robe (worn)
Jewellery
 g - a +6 ring of strength (left claw)
Wands
 b - a wand of disintegration (14/24)
 l - a wand of paralysis (13/24)
Scrolls
 a - a scroll of brand weapon {unknown}
 h - a scroll of remove curse {unknown}
 m - 2 scrolls of magic mapping
 x - a scroll of immolation {unknown}
Potions
 d - 2 potions of degeneration {unknown}
 f - a potion of brilliance {unknown}
 k - a potion of lignification {unknown}
 o - a potion of magic {unknown}
 p - 3 potions of curing {unknown}
 v - a potion of cure mutation {unknown}
 w - 2 potions of flight {unknown}
Comestibles
 c - 4 bread rations
 i - 2 meat rations
 j - 9 fruits
 q - 2 beef jerkies


   Skills:
 + Level 4.0 Fighting
 + Level 4.5 Maces & Flails
 + Level 3.2 Armour
 + Level 4.1 Dodging
 - Level 1.1 Stealth
 * Level 2.6 Evocations


You had 6 spell levels left.
You didn't know any spells.

Dungeon Overview and Level Annotations

Branches:
Dungeon (6/15)
 Temple: D:4-7

Altars:
Dithmenos
Gozag
Makhleb
Nemelex Xobeh
Qazlal
Sif Muna
Zin


Innate Abilities, Weirdness & Mutations

You are too large for most types of armour.
You have claws for hands.
Your metabolism is lightning-fast.
You like to eat raw meat.
Your natural rate of healing is unusually fast.
You are covered in fur. (AC +1)
You have very tough skin. (AC +2)


Message History

You hit the orc warrior but do no damage.
The orc warrior is severely wounded.
The orc warrior hits you with a long sword!
* * * LOW HITPOINT WARNING * * *
You feel very mighty all of a sudden. The orc warrior barely misses you.
You barely miss the orc warrior.
The orc warrior is severely wounded.
The orc warrior barely misses you.
You completely miss the orc warrior.
The orc warrior is severely wounded.
The orc warrior hits you with a long sword.
* * * LOW HITPOINT WARNING * * *
You closely miss the orc warrior.
The orc warrior is severely wounded.
The orc warrior barely misses you.
You closely miss the orc warrior.
The orc warrior is severely wounded.
The orc warrior hits you with a long sword!
You die...

###### #.@o{#
#.##o###
#.#....#
#.#..#.#
#.####.#######
#. #....{o.#
#>%.......##o#
#.#######.##.#
#. #..#.###


You could see an orc warrior and an orc.

Vanquished Creatures
  2 phantoms
  An ice beast (D:6)
  An ogre (D:6)
  A centaur (D:3)
  A big kobold (Sewer)
  A scorpion (D:4)
  A crimson imp (D:5)
  A hound (D:3)
  An iguana (D:5)
  3 worker ants (D:4)
  4 gnolls (D:4)
  6 adders
  A river rat (Sewer)
  A shadow imp (D:5)
  An ooze (D:3)
  An adder zombie (D:6)
  An adder skeleton (D:5)
  4 worms
  4 leopard geckos
  15 orcs
  2 giant cockroaches
  4 goblins
  4 hobgoblins
  4 jackals
  7 kobolds
  A quokka (D:3)
  7 bats
  3 frilled lizards
  12 rats
95 creatures vanquished.

Notes
Turn   | Place    | Note
-------+----------+-------------------------------------------
     0 | D:1      | Amciq the Troll Monk began the quest for the Orb.
     0 | D:1      | Reached XP level 1. HP: 22/22 MP: 0/0
   165 | D:1      | Reached XP level 2. HP: 27/29 MP: 1/1
   501 | D:2      | Found a faded altar of an unknown god.
   522 | D:2      | Reached skill level 1 in Armour
   753 | D:2      | Reached XP level 3. HP: 27/36 MP: 2/2
  1662 | D:3      | Reached XP level 4. HP: 44/44 MP: 3/3
  1905 | D:3      | Noticed a centaur
  1914 | D:3      | Killed a centaur
  1914 | D:3      | Reached XP level 5. HP: 21/53 MP: 4/4
  2062 | D:3      | Noticed a fire elemental
  2064 | D:3      | Found a stormy altar of Qazlal.
  2065 | D:3      | Noticed an air elemental
  2065 | D:3      | Noticed a water elemental
  2629 | D:4      | Reached XP level 6. HP: 61/61 MP: 5/5
  2782 | D:4      | Found a burning altar of Makhleb.
  2784 | D:4      | Found a glowing silver altar of Zin.
  2784 | D:4      | Noticed an angel
  2785 | D:4      | Noticed a blizzard demon
  2787 | D:4      | Became a worshipper of Makhleb the Destroyer
  2787 | D:4      | Reached * piety under Makhleb
  2787 | D:4      | Reached ** piety under Makhleb
  2876 | D:4      | Found a deep blue altar of Sif Muna.
  3159 | D:4      | Reached skill level 1 in Evocations
  3463 | D:4      | You fall through a shaft!
  3463 | D:5      | Entered Level 5 of the Dungeon
  3764 | D:5      | Found a shadowy altar of Dithmenos.
  3796 | D:5      | Reached XP level 7. HP: 44/68 MP: 5/7
  3836 | D:5      | Found an opulent altar of Gozag.
  4062 | D:5      | Found a glowing drain.
  4066 | Sewer    | Entered a sewer
  4190 | Sewer    | Found a white marble altar of Elyvilon.
  4342 | D:5      | Found a sparkling altar of Nemelex Xobeh.
  4599 | D:6      | Slain by an orc warrior

Vault maps used:
D:1:      onia_arrival_mini_spirals
D:2:      ecumenical_altar_2, roderic_three_in_a_row
D:3:      nrook_mini_backslash, nicolae_qazlal_style_of_elements
D:4:      grunt_temple_overflow_order_and_chaos_2, kennysheep_little_box,
          first_bread
D:5:      nemelex_xobeh_ov_fountains_minmay, grunt_dithmenos_shadows,
          nicolae_gozag_seed_capital, gup_sewer_entry_spiral,
          minmay_misc_feat_enclosed
D:6:      serial_shops, nicolae_shop_overgrown_old_shop
Sewer:    sewer_kobolds

Skill      XL: |  1  2  3  4  5  6  7 |
---------------+----------------------+-----
Armour         | 1 2 3 |  3.2
Maces & Flails | 3 4 |  4.5
Fighting       | 3 4 |  4.0
Dodging        | 3 4 |  4.1
Evocations     | 1 2 |  2.6
Stealth        | |  1.1

Action                   |  1- 3 |  4- 6 |  7- 9 || total
-------------------------+-------+-------+-------++-------
Melee: Mace              |    94 |   199 |   105 ||   398
       Giant club        |       |       |    20 ||    20
  Use: Scroll            |       |       |     6 ||     6
       Potion            |       |       |     1 ||     1
 Stab: Sleeping          |     2 |       |     1 ||     3
  Eat: Chunk             |    11 |    28 |     5 ||    44
       Beef jerky        |       |     1 |       ||     1
Armor: Robe              |    42 |    56 |    28 ||   126
Dodge: Dodged            |    63 |   151 |    74 ||   288
